 Dungeon Sprint DCSS version 0.31-a0-835-g2a3a5bc3be (webtiles) character file.

Game seed: 6826148564294795723

5534 Conn the Arsonist (level 10, -5/59 HPs)
             Began as an Octopode Fire Elementalist on Sept 26, 2023.
             Was a High Priest of Sif Muna.
             Killed from afar by a bog body (22 damage)
             ... with a bolt of cold
             ... in the Dungeon (Sprint VII: "The Pits").
             The game lasted 00:16:05 (2464 turns).

Conn the Arsonist (Octopode Fire Elementalist)      Turns: 2464, Time: 00:16:05

Health: -5/59      AC:  1    Str:  8    XL:     10   Next: 71%
Magic:  18/26      EV: 18    Int: 21    God:    Sif Muna [*****.]
Gold:   0          SH:  0    Dex: 16    Spells: 10/33 levels left

rFire   . . .        n - +2 halberd (protect)
rCold   . . .        (shield currently unavailable)
rNeg    . . .        (helmet restricted)
rPois   .            (no amulet)
rElec   .            d - +3 ring of evasion
rCorr   .            k - +3 ring of dexterity
SInv    .            (no ring)
Will    .....        (no ring)
Stlth   ++++         (no ring)
HPRegen 0.29/turn    (no ring)
MPRegen 0.20/turn    (no ring)
                     (no ring)

%: no teleportation
@: slowed, very slow
A: almost no armour, amphibious, 8 rings, camouflage 1, gelatinous body 1,
(nimble swimmer 1), tentacles
a: Renounce Religion, Channel Magic, Forget Spell, Divine Exegesis


You were in the Dungeon.
You worshipped Sif Muna.
Sif Muna was extremely pleased with you.
You visited 1 branch

Inventory:

Hand Weapons
 e - a +2 falchion
 n - a +2 halberd of protection (weapon)
Jewellery
 d - a +3 ring of evasion (left tentacle)
 k - a +3 ring of dexterity (right tentacle)
Scrolls
 f - a scroll of blinking
 i - 2 scrolls of vulnerability
 j - 5 scrolls of amnesia
Potions
 a - 5 potions of magic
 b - 4 potions of curing
 c - 9 potions of heal wounds
 g - 4 potions of berserk rage
 h - 2 potions of invisibility
 m - a potion of might


   Skills:
 * Level 1.6 Fighting
 + Level 1.8 Long Blades
 + Level 2.2 Polearms
 + Level 4.4 Dodging
 - Level 6.0 Stealth
 + Level 12.2 Spellcasting
 * Level 9.9 Conjurations
 - Level 3.0 Hexes
 * Level 7.9 Summonings
 + Level 13.0 Fire Magic
 * Level 10.9 Invocations


You had 10 spell levels left.
You knew the following spells:

 Your Spells              Type           Power      Damage    Failure   Level
a - Foxfire               Conj/Fire      100%       2x1d9     1%          1
b - Scorch                Fire           100%       2d9       1%          2
c - Inner Flame           Hex/Fire       46%        N/A       1%          3
d - Flame Wave            Conj/Fire      57%        2d14      1%          4
e - Summon Guardian Gole  Hex/Summ       35%        N/A       1%          3
f - Call Canine Familiar  Summ           46%        N/A       1%          3
g - Fulminant Prism       Conj/Hex       19%        3d10      3%          4
h - Ozocubu's Armour      Ice            12%        N/A       16%         3

Your spell library contained the following spells:

 Spells                   Type           Power      Damage    Failure   Level
 Magic Dart               Conj           100%       1d8       1%          1
 Searing Ray              Conj           100%       2d8       1%          2
 Volatile Blastmotes      Fire/Tloc      80%        2d16      1%          3
 Ignite Poison            Fire/Tmut/Pois 31%        N/A       2%          3
 Ensorcelled Hibernation  Hex/Ice        38%        N/A       4%          2
 Freeze                   Ice            48%        1d6       5%          1
 Sting                    Tmut/Pois      48%        1d5       5%          1
 Passwall                 Tmut/Erth      10%        N/A       8%          2
 Wereblood                Tmut           12%        N/A       8%          2
 Spellforged Servitor     Conj/Summ      25%        N/A       73%         7
 Alistair's Intoxication  Tmut/Pois      8%         N/A       82%         5
 Eringya's Noxious Bog    Tmut/Pois      6%         4d6       100%        6
 Polar Vortex             Ice            6%         N/A       100%        9


Dungeon Overview and Level Annotations

Branches:
Dungeon (1/1)

Altars:
Ashenzari
Cheibriados
Dithmenos
Elyvilon
Fedhas
Gozag
Hepliaklqana
Kikubaaqudgha
Makhleb
Nemelex Xobeh
Okawaru
Qazlal
Ru
Sif Muna
Trog
Uskayaw
Vehumet
Wu Jian
Xom
Yredelemnul
Zin
The Shining One
Jiyva
Lugonu


Innate Abilities, Weirdness & Mutations

You cannot wear most types of armour.
You are amphibious.
You can wear up to eight rings at the same time.
Your skin changes colour to match your surroundings (Stealth+).
Your rubbery body absorbs attacks. (AC +1, EV +1)
((You are camouflaged when in or above water. (Stealth+)))
You have tentacles for arms and can constrict up to eight enemies at once.


Message History

Casting: Summon Guardian Golem (safe; 1% risk of failure)
Confirm with . or Enter, or press ? or * to list all spells.
Flames lash the bog body.
The bog body resists.
The bog body is lightly damaged.
The bog body's fire resistance burns away.
Something hits your guardian golem.
Something hits your guardian golem but does no damage. x2
Unknown command.
Unknown command.
Something hits your guardian golem.
Something hits your guardian golem but does no damage.
The bog body touches your guardian golem but does no damage.
Unknown command.
Casting: Scorch (safe; 1% risk of failure)
Confirm with . or Enter, or press ? or * to list all spells.
Flames lash the bog body.
The bog body is moderately damaged.
Something hits you.
The bog body touches your guardian golem.
The bog body freezes your guardian golem!
Your guardian golem resists.
Something barely misses you.
Casting: Scorch (safe; 1% risk of failure)
Confirm with . or Enter, or press ? or * to list all spells.
Aiming: Inner Flame (safe; 1% risk of failure)
Press: ? - help, Dir - move target, f - bog body
Aim: a bog body (moderately damaged, more vulnerable to fire, ally target, chance to affect: 82%)
The bog body is filled with an inner flame.
Something hits you! x3
* * * LOW HITPOINT WARNING * * *
The bog body casts a spell at you.
The bolt of cold hits your guardian golem.
Your guardian golem resists.
The bolt of cold hits something!!
The bolt of cold misses you.
Something completely misses your guardian golem.
The bog body gestures at you while chanting.
The bolt of cold hits your guardian golem!
Your guardian golem resists.
The bolt of cold hits something!
The bolt of cold hits you!!
You die...

.....##.[.##...##..#
.<...###...##'##..##
.....# ##..÷.......##
.....###.)###'###...##+#
.....##..##.....##..#...
#######..'.......+..'.○.+
#######..##.....##..#...#
#..[[###..###'###...##+##
#§.[[# ##.......@..## .#
'○.))###...##'##..## n.+
#..))##...##.†.##.9##...#
#..).##..###...###.n'...#
######### ##### ########


You could see a bog body (inner flame, combustible, ally target) and a friendly
guardian golem (summoned).

Vanquished Creatures
  Erolcha (D)
  A lindwurm (D)
  A black mamba (D)
  A cane toad (D)
  2 efreet (D)
  A tyrant leech (D)
  A jumping spider (D)
  A spriggan (D)
  A wyvern (D)
  A steam dragon (D)
  3 ice beasts (D)
  A swamp drake (D)
  An orc warrior (D)
  An ogre (D)
  A scorpion (D)
  5 killer bees (D)
  A crimson imp (D)
  An orc priest (D)
  2 orc wizards (D)
  A mummy (D)
  A gnoll (D)
  A river rat (D)
  An adder zombie (D)
  3 orcs (D)
  2 ball pythons (D)
  A bat skeleton (D)
  An endoplasm (D)
  4 jackals (D)
  A frilled lizard (D)
  2 kobolds (D)
  2 rats (D)
47 creatures vanquished.

Vanquished Creatures (others)
  A boulder beetle (D)
  A harpy (D)
  An elephant (D)
  A rime drake (D)
  A small abomination (D)
  36 foxfires (D)
  5 fulminant prisms (D)
46 creatures vanquished.

Grand Total: 93 creatures vanquished

Notes
Turn   | Place    | Note
-------+----------+-------------------------------------------
     0 | D        | Conn the Octopode Fire Elementalist began the quest for the
                  | Orb.
     0 | D        | Reached XP level 1. HP: 11/11 MP: 3/3
    42 | D        | Reached skill level 4 in Fire Magic
    42 | D        | Reached XP level 2. HP: 5/17 MP: 0/5
    92 | D        | Learned a level 2 spell: Scorch
   131 | D        | Found a glowing golden altar of the Shining One.
   131 | D        | Found a glowing silver altar of Zin.
   131 | D        | Found a basalt altar of Yredelemnul.
   131 | D        | Found a shimmering altar of Xom.
   131 | D        | Found an ornate altar of the Wu Jian Council.
   131 | D        | Found a bloodstained altar of Trog.
   131 | D        | Found a shimmering blue altar of Sif Muna.
   131 | D        | Found a sacrificial altar of Ru.
   131 | D        | Found a stormy altar of Qazlal.
   131 | D        | Found an iron altar of Okawaru.
   131 | D        | Found a sparkling altar of Nemelex Xobeh.
   131 | D        | Found a burning altar of Makhleb.
   131 | D        | Found a viscous altar of Jiyva.
   131 | D        | Found a hazy altar of Hepliaklqana.
   131 | D        | Found an opulent altar of Gozag.
   131 | D        | Found a blossoming altar of Fedhas.
   131 | D        | Found a white marble altar of Elyvilon.
   131 | D        | Found a shadowy altar of Dithmenos.
   131 | D        | Found a snail-covered altar of Cheibriados.
   132 | D        | Found a radiant altar of Vehumet.
   132 | D        | Found a corrupted altar of Lugonu.
   133 | D        | Found an ancient bone altar of Kikubaaqudgha.
   133 | D        | Found a hide-covered altar of Uskayaw.
   133 | D        | Found a broken altar of Ashenzari.
   134 | D        | Became a worshipper of Sif Muna the Loreminder
   155 | D        | Noticed a scorpion
   159 | D        | Reached * piety under Sif Muna
   160 | D        | Reached skill level 1 in Invocations
   162 | D        | Killed a scorpion
   163 | D        | Reached skill level 5 in Fire Magic
   163 | D        | Reached XP level 3. HP: 7/22 MP: 0/8
   163 | D        | Reached XP level 4. HP: 9/27 MP: 0/9
   266 | D        | Learned a level 3 spell: Inner Flame
   271 | D        | Learned a level 4 spell: Flame Wave
   285 | D        | Reached ** piety under Sif Muna
   286 | D        | Reached skill level 6 in Fire Magic
   413 | D        | Noticed an ogre
   413 | D        | Noticed an orc warrior
   417 | D        | Noticed an ice beast
   430 | D        | Killed an ogre
   431 | D        | Reached XP level 5. HP: 32/32 MP: 1/11
   431 | D        | Reached *** piety under Sif Muna
   432 | D        | Reached skill level 7 in Fire Magic
   558 | D        | Noticed an ice beast
   563 | D        | Killed an ice beast
   564 | D        | Reached skill level 5 in Spellcasting
   564 | D        | Reached skill level 8 in Fire Magic
   564 | D        | Reached skill level 5 in Invocations
   564 | D        | Reached XP level 6. HP: 37/37 MP: 2/14
   603 | D        | Killed an ice beast
   603 | D        | Reached **** piety under Sif Muna
   604 | D        | Reached skill level 5 in Stealth
   604 | D        | Reached skill level 5 in Conjurations
   721 | D        | Killed an orc warrior
   722 | D        | Reached skill level 9 in Fire Magic
   722 | D        | Reached XP level 7. HP: 38/42 MP: 6/17
   766 | D        | Reached ***** piety under Sif Muna
   768 | D        | Identified Sif Muna's Tome of the Amorphous Boggart (Sif
                  | Muna gifted it to you in the Dungeon)
   768 | D        | Received a gift from Sif Muna
   776 | D        | Learned a level 3 spell: Summon Guardian Golem
   780 | D        | Learned a level 3 spell: Call Canine Familiar
   848 | D        | Noticed a harpy
   856 | D        | Killed a harpy
   857 | D        | Reached skill level 10 in Fire Magic
   857 | D        | Reached XP level 8. HP: 47/47 MP: 11/20
   903 | D        | Reached skill level 1 in Long Blades
   955 | D        | Noticed a boulder beetle
   955 | D        | Noticed a jumping spider
   966 | D        | HP: 2/47 [jumping spider (5)]
   969 | D        | Killed a jumping spider
  1273 | D        | Killed a boulder beetle
  1273 | D        | Identified Vyucitodgh's Handbook of the Six Violins (Sif
                  | Muna gifted it to you in the Dungeon)
  1273 | D        | Received a gift from Sif Muna
  1274 | D        | Reached skill level 1 in Fighting
  1274 | D        | Reached skill level 11 in Fire Magic
  1274 | D        | Reached XP level 9. HP: 53/53 MP: 3/22
  1392 | D        | Noticed a black mamba
  1409 | D        | Killed a black mamba
  1410 | D        | Reached skill level 5 in Summonings
  1415 | D        | Reached skill level 10 in Spellcasting
  1535 | D        | Noticed a rime drake
  1535 | D        | Noticed an elephant
  1548 | D        | Killed a rime drake
  1549 | D        | Killed an elephant
  1550 | D        | Reached skill level 1 in Polearms
  1601 | D        | Reached skill level 12 in Fire Magic
  1635 | D        | Noticed an efreet
  1635 | D        | Noticed Erolcha
  1817 | D        | Killed Erolcha
  1817 | D        | Received a gift from Sif Muna
  1818 | D        | Reached skill level 10 in Invocations
  1818 | D        | Reached XP level 10. HP: 59/59 MP: 17/25
  1824 | D        | Learned a level 4 spell: Fulminant Prism
  2160 | D        | Noticed a cane toad
  2182 | D        | Killed a cane toad
  2338 | D        | Noticed a lindwurm
  2346 | D        | Identified Sif Muna's Encyclopedia of Congelation (Sif Muna
                  | gifted it to you in the Dungeon)
  2346 | D        | Received a gift from Sif Muna
  2348 | D        | Killed a lindwurm
  2349 | D        | Reached skill level 13 in Fire Magic
  2356 | D        | Learned a level 3 spell: Ozocubu's Armour
  2457 | D        | Noticed a bog body
  2464 | D        | Killed from afar by a bog body

Illustrated notes

Levels and vault maps discovered:
D:        pitsprint [storerooms_1, entrance_room_1, metal_vault_5, armoury_1,
          mini_pit_1, grid_room_1, main_hall_1, silver_pit, the_coven_3,
          the_vestibule_1, steel_vault_1, golden_pit, hallway_of_sentries,
          crystal_vault_6, iron_vault_4, final_vault]

Skill      XL: |  1  2  3  4  5  6  7  8  9 10 |
---------------+-------------------------------+-----
Stealth        | 3 4 5 6 |  6.0
Fire Magic     | 4 5 6 8 9 10 11 12 13 | 13.0
Invocations    | 2 4 5 6 7 8 10 | 10.9
Spellcasting   | 3 4 5 7 8 9 11 12 | 12.2
Conjurations   | 2 3 4 5 6 7 9 |  9.9
Dodging        | 3 4 |  4.4
Hexes          | 2 3 |  3.0
Summonings     | 3 4 6 7 |  7.9
Long Blades    | 1 |  1.8
Fighting       | 1 |  1.6
Polearms       | 1 2 |  2.2

Action                     |  1- 3 |  4- 6 |  7- 9 | 10-12 || total
---------------------------+-------+-------+-------+-------++-------
  Melee: Unarmed           |     3 |       |       |       ||     3
         Constrict         |     2 |     1 |     2 |       ||     5
         Falchion          |     5 |     1 |     3 |       ||     9
         Halberd           |       |       |     3 |     8 ||    11
         Tentacles         |       |       |     2 |       ||     2
   Cast: Foxfire           |     4 |     7 |    11 |     1 ||    23
         Scorch            |     2 |    11 |    22 |    14 ||    49
         Inner Flame       |       |     7 |    12 |     6 ||    25
         Summon Guardian G |       |       |     7 |     4 ||    11
         Call Canine Famil |       |       |     3 |     5 ||     8
         Spellforged Servi |       |       |     1 |       ||     1
         Fulminant Prism   |       |       |       |     5 ||     5
         Flame Wave        |       |       |       |     3 ||     3
 Invoke: Divine Exegesis   |       |       |     1 |       ||     1
         Channel Magic     |       |       |       |     1 ||     1
    Use: Potion            |     2 |     2 |     1 |     6 ||    11
         Scroll            |       |       |     1 |       ||     1
   Stab: Sleeping          |     1 |       |     2 |       ||     3
 Armour: Skin              |     4 |     8 |    10 |    21 ||    43
  Dodge: Dodged            |     8 |    13 |     6 |    15 ||    42

Table legend: (Time is in decaauts)
 A = Elapsed time spent in this place.
 B = Non-inter-level travel time spent in this place.
 C = Inter-level travel time spent in this place.
 D = Time resting spent in this place.
 E = Time spent auto-exploring this place.
 F = Levels seen in this place.
 G = Mean time per level.
                   A        B        C        D        E       F      G
               +--------+--------+--------+--------+--------+-----+--------+
         Total |   2481 |   2481 |      0 |   1589 |      3 |   1 | 2481.0 |
       Dungeon |   2481 |   2481 |      0 |   1589 |      3 |   1 | 2481.0 |
               +--------+--------+--------+--------+--------+-----+--------+

Top non-repeatable levels by time:
       D: 2481 daAuts
